 Dungeon Crawl Stone Soup version 0.20.1-1-g8b1a95d (webtiles) character file.

98 DildoChiefAsseater the Poker (level 4, -1/49 HPs)
             Began as a Demonspawn Gladiator on Sept 24, 2017.
             Succumbed to a water moccasin's poison
             ... on level 3 of the Dungeon.
             The game lasted 00:04:37 (1994 turns).

DildoChiefAsseater the Poker (Demonspawn Gladiator) Turns: 1994, Time: 00:04:37

Health: -1/49      AC:  4    Str: 19 (20) XL:     4   Next: 44%
Magic:  4/4        EV: 13    Int: 11 (14) God:
Gold:   76         SH:  0    Dex: 13 (15) Spells: 3/3 levels left

rFire    . . .     SeeInvis .   a - +0 trident
rCold    . . .     Gourm    .   (no shield)
rNeg     . . .     Faith    .   b - +0 leather armour
rPois    .         Spirit   .   c - +0 helmet
rElec    .         Reflect  .   (no cloak)
rCorr    .         Harm     .   (no gloves)
MR       .....                  (no boots)
Stlth    ..........             (no amulet)
Regen    0.2/turn               (no ring)
MPRegen  0.1/turn               (no ring)

@: brilliant, berserking, lethally poisoned (-1 -> -42), very quick
A: powered by pain 1
a: no special abilities


You were on level 3 of the Dungeon.
You were not hungry.

You visited 1 branch of the dungeon, and saw 4 of its levels.

You collected 76 gold pieces.

Inventory:

Hand Weapons
 a - a +0 trident (weapon)
Missiles
 d - 3 throwing nets (quivered)
Armour
 b - a +0 leather armour (worn)
 c - a +0 helmet (worn)
Jewellery
 l - an uncursed ring of ice {unknown}
 s - an uncursed ring of resist corrosion {unknown}
 u - an uncursed ring of ice {unknown}
 x - an uncursed ring of magical power {unknown}
Scrolls
 h - a scroll of enchant weapon {unknown}
 j - a scroll of blinking {unknown}
 m - a scroll of amnesia {unknown}
 n - 3 scrolls of identify {unknown}
 o - 2 scrolls of remove curse {unknown}
 p - 2 scrolls of noise {unknown}
 r - a scroll of fear {unknown}
 t - a scroll of teleportation {unknown}
Potions
 k - a potion of curing {unknown}
 q - 2 potions of degeneration
 v - a potion of heal wounds {unknown}
 w - a potion of invisibility {unknown}
 A - a potion of magic {unknown}
Comestibles
 f - a bread ration
 g - 3 meat rations
 i - 4 fruits


   Skills:
 - Level 2.2 Fighting
 + Level 4.2 Polearms
 - Level 1.9 Throwing
 - Level 0.5 Armour
 - Level 3.0 Dodging


You had 3 spell levels left.
You didn't know any spells.

Dungeon Overview and Level Annotations

Branches:
Dungeon (4/15)
 Temple: D:4-7

Altars:


Innate Abilities, Weirdness & Mutations

You sometimes gain a little power by taking damage.


Message History

* * * LOW HITPOINT WARNING * * *
It was a potion of berserk rage.
A red film seems to cover your vision as you go berserk!
You feel yourself moving faster!
You feel mighty!
* * * LOW HITPOINT WARNING * * *
You feel sick. The water moccasin closely misses you.
You barely miss the water moccasin.
The water moccasin is lightly wounded.
* * * LOW HITPOINT WARNING * * *
You feel sick. The water moccasin bites you.
* * * LOW HITPOINT WARNING * * *
You are more poisoned.
The water moccasin poisons you!
You barely miss the water moccasin.
The water moccasin is lightly wounded.
* * * LOW HITPOINT WARNING * * *
You feel sick. The water moccasin barely misses you.
You barely miss the water moccasin.
The water moccasin is lightly wounded.
You die...

.#.# ##.## . .#..### . .
......# .#..
###.#[##############..
###.#............#... .
...................###..
.................S#....#
..)......####.#.@...#
...............†...##
....................##
.....................#
.....................#
..###....)...........#
.. #...)............# ..
#................# ..
#................#


You could see a water moccasin.

Vanquished Creatures
  A gnoll (D:1)
  2 adders
  A worm (D:2)
  2 dart slugs (D:1)
  5 leopard geckos
  2 ball pythons
  3 giant cockroaches (D:1)
  7 goblins
  4 hobgoblins
  7 jackals
  5 kobolds (D:1)
  A quokka (D:2)
  6 bats
  A frilled lizard (D:1)
  11 rats
58 creatures vanquished.

Notes
Turn   | Place    | Note
-------+----------+-------------------------------------------
     0 | D:1      | DildoChiefAsseater the Demonspawn Gladiator began the quest for the Orb.
     0 | D:1      | Reached XP level 1. HP: 16/16 MP: 1/1
    58 | D:1      | Reached skill level 3 in Polearms
    83 | D:1      | Gained mutation: You sometimes gain a little power by taking damage. [demonic ancestry]
    83 | D:1      | Reached XP level 2. HP: 15/22 MP: 2/2
   304 | D:1      | Reached XP level 3. HP: 17/27 MP: 3/3
  1014 | D:2      | Reached XP level 4. HP: 18/33 MP: 4/4
  1202 | D:2      | Reached skill level 4 in Polearms
  1983 | D:3      | Noticed a water moccasin
  1993 | D:3      | HP: 2/49 [poisoned by a water moccasin]
  1994 | D:3      | Succumbed to a water moccasin's poison

Skill      XL: |  1  2  3  4 |
---------------+-------------+-----
Polearms       | 3 4 |  4.2
Dodging        | 3 |  3.0
Fighting       | |  2.2
Throwing       | |  1.9
Armour         | |  0.5

Action                   |  1- 3 |  4- 6 || total
-------------------------+-------+-------++-------
Melee: Trident           |   160 |    63 ||   223
  Use: Potion            |       |     3 ||     3
 Stab: Sleeping          |     3 |     1 ||     4
  Eat: Chunk             |     1 |     3 ||     4
Armor: Leather armour    |    49 |     9 ||    58
Dodge: Dodged            |   119 |    33 ||   152
